[Event "45th FIDE Olympiad 2024"]
[Site "Budapest"]
[Date "2024.09.14"]
[Round "4.82"]
[White "Rowe, Peter"]
[Black "Cottle, Brian S"]
[Result "0-1"]
[ECO "D02"]
[WhiteElo "1973"]
[BlackElo "1804"]
[PlyCount "158"]
[EventDate "2024.09.05"]
[EventType "team-tourn"]
[EventCountry "HUN"]
[WhiteTeam "Guernsey"]
[BlackTeam "Saint Vincent and the Grenadines"]
[WhiteTeamCountry "GCI"]
[TimeControl "40/5400+30:1800+30"]

1. d4 d5 2. Nf3 Nf6 3. Bf4 e6 4. e3 Bb4+ 5. c3 Bd6 6. Bg3 a6 7. Bd3 Nc6 8. Nbd2 Bd7 9. Ne5 Qe7 10. Qe2 h6 11. h4 h5 12. Ndf3 Ng4 13. Bf4 Bxe5 14. Nxe5 Ngxe5 15. dxe5 O-O-O 16. Bg3 Rdg8 17. O-O-O Na7 18. Kb1 Qc5 19. e4 dxe4 20. Bxe4 Bc6 21. f4 Nb5 22. Bxc6 Qxc6 23. c4 Na7 24. Bf2 b6 25. c5 b5 26. g3 g6 27. Rhe1 Rd8 28. a3 Rxd1+ 29. Rxd1 Rd8 30. Rxd8+ Kxd8 31. Qd2+ Kc8 32. Qa5 Kb7 33. Qd2 Qd5 34. Qc2 Nc6 35. Qc3 Qe4+ 36. Ka2 Ne7 37. Ka1 Nf5 38. b4 Qh1+ 39. Kb2 Kc6 40. Kb3 Qd5+ 41. Kb2 Qg2 42. Qc2 Qd5 43. Qc3 Nh6 44. Qc2 Qg2 45. Kc3 Ng4 46. Bd4 Qxg3+ 47. Qd3 Qxd3+ 48. Kxd3 Kd5 49. Bg1 Nh6 50. Be3 Nf5 51. Bf2 c6 52. Be1 Nd4 53. Bf2 Nf3 54. Bg3 Nd4 55. Bf2 Nf5 56. Be1 Ne7 57. Bc3 Ng8 58. Bd2 f6 59. Bc3 fxe5 60. Bxe5 Nh6 61. Bf6 Nf7 62. Bg7 e5 63. fxe5 Nxe5+ 64. Ke3 Nc4+ 65. Kf4 Ke6 66. Kg5 Kf7 67. Bc3 Nxa3 68. Kf4 Nc4 69. Kg5 Ne3 70. Bb2 Nd5 71. Ba3 Ne7 72. Bb2 Nf5 73. Bc3 Ng3 74. Be1 Nf1 75. Bc3 Ne3 76. Be1 Nd5 77. Bd2 Nf6 78. Be1 Nd7 79. Bf2 Ne5 {0-} 0-1

[Event "45th FIDE Olympiad 2024"]
[Site "Budapest"]
[Date "2024.09.14"]
[Round "4.83"]
[White "Orozbaev, Eldiyar"]
[Black "Subelj, Jan"]
[Result "0-1"]
[ECO "C54"]
[WhiteElo "2376"]
[BlackElo "2498"]
[Annotator "ChessBase"]
[PlyCount "58"]
[EventDate "2024.09.05"]
[EventType "team-tourn"]
[EventCountry "HUN"]
[SourceTitle "playchess.com"]
[Source "ChessBase"]
[SourceQuality "1"]
[WhiteTeam "Kyrgyzstan"]
[BlackTeam "Slovenia"]
[WhiteTeamCountry "KGZ"]
[BlackTeamCountry "SLO"]
[TimeControl "40/5400+30:1800+30"]

1. e4 e5 2. Nf3 Nc6 3. Bc4 Bc5 4. c3 Nf6 5. d4 exd4 6. b4 Bb6 7. e5 d5 8. exf6 dxc4 9. Qe2+ Be6 10. b5 Nb4 11. cxb4 Qxf6 12. O-O O-O 13. a4 a5 14. bxa6 bxa6 15. Na3 d3 16. Qd2 Qxa1 17. Bb2 Qa2 18. Qc3 f6 19. Nd2 c5 20. Naxc4 cxb4 21. Qxb4 Bxc4 22. Nxc4 Ba7 23. Ra1 d2 24. Nxd2 Qd5 25. Ba3 Rab8 26. Qf4 Rfd8 27. Nf1 Qd4 28. Qxd4 Rxd4 29. a5 Ra4 0-1

[Event "45th FIDE Olympiad 2024"]
[Site "Budapest"]
[Date "2024.09.14"]
[Round "4.83"]
[White "Schneider, James U"]
[Black "Brookfield, Toby"]
[Result "0-1"]
[ECO "B76"]
[WhiteElo "1486"]
[BlackElo "1872"]
[PlyCount "38"]
[EventDate "2024.09.05"]
[EventType "team-tourn"]
[EventCountry "HUN"]
[WhiteTeam "Saint Vincent and the Grenadines"]
[BlackTeam "Guernsey"]
[BlackTeamCountry "GCI"]
[TimeControl "40/5400+30:1800+30"]

1. e4 c5 2. Nc3 d6 3. Nf3 Nf6 4. Be2 Nc6 5. d4 cxd4 6. Nxd4 g6 7. Be3 Bg7 8. f3 O-O 9. Qd2 d5 10. Nxc6 bxc6 11. Rd1 Be6 12. O-O Qc7 13. a3 dxe4 14. fxe4 Ng4 15. Bf4 Qb6+ 16. Kh1 Nf2+ 17. Kg1 Nh3+ 18. Kh1 Qg1+ 19. Rxg1 Nf2# {0-} 0-1

[Event "45th FIDE Olympiad 2024"]
[Site "Budapest"]
[Date "2024.09.14"]
[Round "4.84"]
[White "Lavrencic, Matic"]
[Black "Abdyzhapar, Asylbek"]
[Result "0-1"]
[ECO "B12"]
[WhiteElo "2360"]
[BlackElo "2357"]
[Annotator "ChessBase"]
[PlyCount "100"]
[EventDate "2024.09.05"]
[EventType "team-tourn"]
[EventCountry "HUN"]
[SourceTitle "playchess.com"]
[Source "ChessBase"]
[SourceQuality "1"]
[WhiteTeam "Slovenia"]
[BlackTeam "Kyrgyzstan"]
[WhiteTeamCountry "SLO"]
[BlackTeamCountry "KGZ"]
[TimeControl "40/5400+30:1800+30"]

1. e4 c6 2. d4 d5 3. e5 Bf5 4. Nd2 e6 5. Nb3 Nd7 6. Nf3 h6 7. Be2 Ne7 8. O-O Bg6 9. c3 Nf5 10. Bd3 Be7 11. g4 Nh4 12. Nxh4 Bxd3 13. Qxd3 Bxh4 14. f4 Qe7 15. Qh3 g5 16. Nd2 h5 17. f5 exf5 18. gxf5 g4 19. Qd3 O-O-O 20. f6 Qe6 21. Qf5 Nf8 22. Kg2 Qxf5 23. Rxf5 Ne6 24. Nb3 Rdg8 25. Bd2 Bg5 26. Rg1 h4 27. Kf1 Bxd2 28. Nxd2 Kd7 29. Ke2 b6 30. Nf1 c5 31. dxc5 bxc5 32. Ne3 g3 33. hxg3 hxg3 34. Rg2 d4 35. Nf1 Rb8 36. Kd3 Rh4 37. Rxg3 Rxb2 38. cxd4 Rxd4+ 39. Kc3 Rxa2 40. Rg8 Rda4 41. Rb8 R4a3+ 42. Kc4 Rc2+ 43. Kd5 Rd3+ 44. Ke4 c4 45. Ne3 Re2 46. Rf3 Ng5+ 47. Kf4 Nxf3 48. Nxc4 Nd4 49. Rb7+ Kc6 50. Na5+ Kc5 0-1

[Event "45th FIDE Olympiad 2024"]
[Site "Budapest"]
[Date "2024.09.14"]
[Round "4.85"]
[White "Brkic, Ante"]
[Black "Saraci, Nderim"]
[Result "1-0"]
[ECO "C88"]
[WhiteElo "2642"]
[BlackElo "2446"]
[Annotator "TA"]
[PlyCount "71"]
[EventDate "2024.09.05"]
[EventType "team-tourn"]
[EventCountry "HUN"]
[SourceTitle "playchess.com"]
[Source "ChessBase"]
[SourceQuality "1"]
[WhiteTeam "Croatia"]
[BlackTeam "Kosovo"]
[WhiteTeamCountry "CRO"]
[BlackTeamCountry "KOS"]
[TimeControl "40/5400+30:1800+30"]

1. e4 e5 2. Nf3 Nc6 3. Bb5 a6 4. Ba4 Nf6 5. d3 b5 6. Bb3 Be7 7. a4 Rb8 8. axb5 axb5 9. O-O O-O 10. Re1 d6 11. c3 b4 12. h3 Nd7 13. d4 {aiming for d5. White is slightly better.} Bf6 14. Be3 Ne7 15. Nbd2 bxc3 16. bxc3 Ng6 17. Nc4 exd4 18. cxd4 Bb7 19. Bc2 Re8 20. Na5 Ba8 (20... Bxe4 $2 {perishes.} 21. Bxe4 Rxe4 22. Nc6 $18) 21. Ra3 d5 (21... Bxe4 $2 {is the wrong capture.} 22. Bxe4 Rxe4 23. Nc6 $18) 22. e5 $36 {[%mdl 2048] White has the initiative.} Be7 23. Ra1 c5 24. Ba4 {White is more active.} cxd4 (24... Qc7 $142) 25. Nxd4 $16 {[#] Nac6 would now be deadly.} ({But not} 25. Bxd4 $6 Bb4 $14) 25... Ngxe5 (25... Ndxe5 $16 {was called for.} 26. Bxe8 Qxe8) 26. Bf4 $18 Bb4 $2 (26... Bd6) 27. Bxd7 Bxe1 28. Bxe8 Bxf2+ 29. Kxf2 Qf6 {[#]} 30. Kg3 Rxe8 31. Bxe5 Qxe5+ 32. Kf2 Qe3+ 33. Kf1 Re4 34. Nf3 h6 35. Qc2 d4 $2 (35... Rf4 $16) 36. Nc4 $1 {[%csl LRa8,LRe3] Weighted Error Value: White=0.21 (precise) /Black=0.22 (precise) .  Loses game:     	---       	Black=1      Mistake:       	---       	Black=3      Inaccurate:     	White=3     	Black=2      OK:         	White=10    	Black=11     Best:        	White=2     	Black=1} 1-0

[Event "45th FIDE Olympiad 2024"]
[Site "Budapest"]
[Date "2024.09.14"]
[Round "4.86"]
[White "Ondozi, Murtez"]
[Black "Martinovic, Sasa"]
[Result "0-1"]
[ECO "D26"]
[WhiteElo "2371"]
[BlackElo "2563"]
[Annotator "TA"]
[PlyCount "100"]
[EventDate "2024.09.05"]
[EventType "team-tourn"]
[EventCountry "HUN"]
[SourceTitle "playchess.com"]
[Source "ChessBase"]
[SourceQuality "1"]
[WhiteTeam "Kosovo"]
[BlackTeam "Croatia"]
[WhiteTeamCountry "KOS"]
[BlackTeamCountry "CRO"]
[TimeControl "40/5400+30:1800+30"]

1. c4 e6 2. d4 Nf6 3. Nf3 d5 4. Nc3 dxc4 5. e3 a6 6. Bxc4 b5 7. Be2 {7.Bb3 is setting a new trend.} Bb7 8. O-O Nbd7 {D26: Queen's Gambit Accepted: 4 e3 e6 5 Bxc5 c5 sidelines.} 9. b3 Bd6 10. Bb2 O-O 11. Nd2 c5 12. Bf3 cxd4 13. exd4 ({But not} 13. Bxb7 dxc3 14. Bxc3 Bxh2+ 15. Kxh2 (15. Kh1 Ra7 $17) 15... Qc7+ 16. Kg1 Qxb7 $17) 13... Qb8 14. Bxb7 $146 ({Predecessor:} 14. h3 Bb4 15. Nde4 Rd8 16. Qe2 Bxc3 17. Nxc3 Bxf3 18. Qxf3 Nb6 19. Rac1 Qd6 20. Ne2 {0-1 Jogstad,M (2291)-Grandelius,N (2642) SWE-ch Stockholm 2017 (4)}) 14... Qxb7 15. Qe2 Rac8 16. Rac1 Rfd8 17. g3 Bb4 18. a3 Bxc3 19. Rxc3 Rxc3 20. Bxc3 Rc8 21. Qd3 Qd5 22. Bb2 h5 23. Qb1 h4 $1 24. Rc1 Rd8 (24... Rxc1+ $17 25. Qxc1 Ne4 26. Nxe4 Qxe4 27. Qc8+ Nf8 28. gxh4 Qb1+ (28... Qxh4 29. b4 $17) 29. Qc1 Qg6+ 30. Kf1 Qd3+ 31. Ke1 Qe4+ (31... Qxb3 32. h5 $17) 32. Qe3 Qh1+ (32... Qxh4 33. d5 $17) 33. Kd2 Qxh2) 25. Qc2 $15 h3 26. Qc6 Qg5 27. f4 (27. Nf3 $11 {remains equal.} Qf5 28. Ne1) 27... Qf5 $17 28. Qc2 (28. Nf3 $17) 28... Qd5 $19 29. Qc6 Qh5 (29... Re8 $1 $19 30. Ba1 Ng4) 30. Qf3 Qf5 31. Qe2 Nb6 32. Rc5 Nbd5 33. Rc6 b4 34. axb4 Nxb4 35. Rc4 a5 36. Ba3 Qd5 37. Qf3 Qb5 38. Qf1 Qb6 $1 39. Nf3 (39. Qe2 $17) 39... Nbd5 40. Qd3 {[#]} Qb7 $1 41. Rc5 Nb4 42. Qe2 Nc6 43. Rb5 (43. Bb2 $17) 43... Qa6 $19 44. Bc5 Na7 45. Bxa7 Qxa7 46. Qd2 {[#]} (46. Qc2 {was necessary.}) 46... Qa8 $1 $19 47. Qd3 g6 48. Qe2 $2 (48. Ne1) 48... Rc8 $19 49. Rc5 Rb8 50. Qc2 (50. Nd2 $142 a4 51. bxa4 Qxa4 52. Nf1) 50... Qxf3 0-1

[Event "45th FIDE Olympiad 2024"]
[Site "Budapest"]
[Date "2024.09.14"]
[Round "4.86"]
[White "Stetsenko, Ilya"]
[Black "Heim, Colin Peter"]
[Result "1-0"]
[ECO "A13"]
[WhiteElo "1903"]
[BlackElo "1751"]
[PlyCount "43"]
[EventDate "2024.09.05"]
[EventType "team-tourn"]
[EventCountry "HUN"]
[WhiteTeam "Aruba"]
[BlackTeam "US Virgin Islands"]
[WhiteTeamCountry "ARN"]
[BlackTeamCountry "ISV"]
[TimeControl "40/5400+30:1800+30"]

1. Nf3 d5 2. e3 Nf6 3. c4 e6 4. b3 c5 5. Bb2 Be7 6. Be2 Nc6 7. cxd5 exd5 8. d4 O-O 9. O-O b6 10. Nc3 cxd4 11. Nxd4 Nxd4 12. Qxd4 Bc5 13. Qd3 Bb7 14. Rfd1 Qd7 15. Bf3 Rad8 16. Ne2 Ne8 17. Nf4 Nc7 18. Qc3 f6 19. b4 Nb5 20. Qb3 Be7 21. Bxd5+ Bxd5 22. Rxd5 1-0

[Event "45th FIDE Olympiad 2024"]
[Site "Budapest"]
[Date "2024.09.14"]
[Round "4.87"]
[White "Livaic, Leon"]
[Black "Uruci, Endrit"]
[Result "1-0"]
[ECO "D46"]
[WhiteElo "2550"]
[BlackElo "2348"]
[Annotator "TA"]
[PlyCount "91"]
[EventDate "2024.09.05"]
[EventType "team-tourn"]
[EventCountry "HUN"]
[SourceTitle "playchess.com"]
[Source "ChessBase"]
[SourceQuality "1"]
[WhiteTeam "Croatia"]
[BlackTeam "Kosovo"]
[WhiteTeamCountry "CRO"]
[BlackTeamCountry "KOS"]
[TimeControl "40/5400+30:1800+30"]

1. Nf3 Nf6 2. c4 c6 3. Nc3 d5 4. e3 e6 5. b3 Be7 6. Bb2 b6 7. d4 Bb7 8. Bd3 O-O 9. O-O Nbd7 10. Qe2 Rc8 11. Rad1 Qc7 12. e4 dxe4 13. Nxe4 Rfd8 $2 (13... Rfe8 $11) 14. Neg5 $1 $18 Rf8 15. Ne5 {Threatens to win with Qc2.} h6 {White is clearly better.} 16. Ngf3 {White is much more active.} (16. f4 $16) 16... Rfe8 $11 17. Bb1 Nxe5 (17... c5 $11 {remains equal.}) 18. dxe5 $16 (18. Nxe5 Rcd8 $11) 18... Nh7 19. Nd4 a6 20. Qh5 c5 21. Ne2 Nf8 (21... Rcd8 $14) 22. Ng3 $40 {[%mdl 128] White goes for the king.} Rcd8 23. Rde1 $1 b5 24. Qg4 bxc4 25. Nh5 (25. Qxc4 $6 Bc6 $11) 25... g6 26. bxc4 Qc6 27. f3 $1 Kh8 (27... Qb6 $16 {is a better defense.} 28. Bc3 Rd4 29. Bxd4 cxd4) 28. Nf6 $18 Bxf6 29. exf6 Qd6 30. Qh3 Qf4 31. Be5 Qg5 32. f4 Qh5 {Black is weak on the dark squares} 33. Qxh5 gxh5 34. Bc3 Nd7 {Repels Re5} 35. Rd1 Nb6 36. Bd3 Rg8 37. g3 h4 {[#]} 38. Kf2 Rd7 {[#]} (38... Nc8 $142 39. Be5 (39. gxh4 Rg2+ 40. Ke1 Rxa2 $11) 39... Nd6) 39. Be2 $1 {This pair of bishops is nice.} (39. gxh4 Rg2+ 40. Ke3 Rxh2 $15) 39... Rgd8 40. Rxd7 ({Inferior is} 40. gxh4 Rxd1 41. Rxd1 Rxd1 42. Bxd1 Nxc4 $14) 40... Rxd7 41. Ke3 {Against Be4. Hoping for Rb1.} ({Don't take} 41. gxh4 $6 Be4 $16) 41... Nc8 (41... Bg2 $142 42. Rc1 Bc6) 42. g4 (42. gxh4 Nd6 $11) 42... Nd6 43. Be5 h5 $2 (43... Kg8 44. Rb1 Nc8) 44. Bxd6 {White is clearly winning.} (44. gxh5 Nf5+ 45. Kf2 Be4 $16) 44... Rxd6 45. g5 Rd4 46. Bd3 {Inhibits Re4+.   Weighted Error Value: White=0.15 (very precise) /Black=0.38.  Mistake:       	White=1     	Black=6      Inaccurate:     	---       	Black=4      OK:         	White=15    	Black=12     Strong:       	White=3     	---} 1-0

[Event "45th FIDE Olympiad 2024"]
[Site "Budapest"]
[Date "2024.09.14"]
[Round "4.88"]
[White "Asllani, Muhamet"]
[Black "Kozul, Zdenko"]
[Result "0-1"]
[ECO "B33"]
[WhiteElo "2191"]
[BlackElo "2515"]
[Annotator "ChessBase"]
[PlyCount "56"]
[EventDate "2024.09.05"]
[EventType "team-tourn"]
[EventCountry "HUN"]
[SourceTitle "playchess.com"]
[Source "ChessBase"]
[SourceQuality "1"]
[WhiteTeam "Kosovo"]
[BlackTeam "Croatia"]
[WhiteTeamCountry "KOS"]
[BlackTeamCountry "CRO"]
[TimeControl "40/5400+30:1800+30"]

1. e4 c5 2. Nf3 Nc6 3. d4 cxd4 4. Nxd4 Qb6 5. Nb3 Nf6 6. Nc3 e6 7. Be3 Qc7 8. a3 a6 9. f4 d6 10. Be2 b5 11. Bf3 Rb8 12. Qd2 Be7 13. g4 Nd7 14. Nd4 Nxd4 15. Bxd4 O-O 16. g5 Bb7 17. Rf1 e5 18. Be3 exf4 19. Bxf4 Ne5 20. Bxe5 dxe5 21. Nd5 Bxd5 22. exd5 e4 23. d6 Bxd6 24. Bxe4 b4 25. a4 Qe7 26. O-O-O Qxe4 27. Qxd6 b3 28. Rd3 Qe2 0-1

[Event "45th FIDE Olympiad 2024"]
[Site "Budapest"]
[Date "2024.09.14"]
[Round "4.88"]
[White "Antonio, Kyell-Jean"]
[Black "Smith, Michael"]
[Result "1-0"]
[ECO "C00"]
[WhiteElo "1763"]
[BlackElo "1718"]
[PlyCount "69"]
[EventDate "2024.09.05"]
[EventType "team-tourn"]
[EventCountry "HUN"]
[WhiteTeam "Aruba"]
[BlackTeam "US Virgin Islands"]
[WhiteTeamCountry "ARN"]
[TimeControl "40/5400+30:1800+30"]

1. e4 e6 2. d3 d5 3. Nd2 Bd6 4. g3 d4 5. Ngf3 e5 6. Bg2 Nf6 7. O-O b5 8. Nxd4 Bg4 9. N4f3 c5 10. h3 Bd7 11. Nh4 O-O 12. Nf5 Be6 13. f4 Nc6 14. Nxd6 Qxd6 15. f5 Bd7 16. g4 h6 17. h4 Nh7 18. Nf3 Nd4 19. g5 hxg5 20. Nxg5 Nf6 21. c3 Nc6 22. Qf3 b4 23. Nh3 Rab8 24. Rf2 Bc8 25. Bf1 a5 26. Rg2 Kh8 27. Be2 Rg8 28. Qe3 Ba6 29. Nf2 Ne7 30. Qg5 Bb7 31. Ng4 Nh7 32. Qh5 g6 33. fxg6 Qxg6 34. Qxe5+ Nf6 35. Qxe7 1-0

[Event "45th FIDE Olympiad 2024"]
[Site "Budapest"]
[Date "2024.09.14"]
[Round "4.89"]
[White "Atabayev, Saparmyrat"]
[Black "Dragnev, Valentin"]
[Result "1/2-1/2"]
[ECO "C88"]
[WhiteElo "2516"]
[BlackElo "2556"]
[Annotator "TA"]
[PlyCount "94"]
[EventDate "2024.09.05"]
[EventType "team-tourn"]
[EventCountry "HUN"]
[SourceTitle "playchess.com"]
[Source "ChessBase"]
[SourceQuality "1"]
[WhiteTeam "Turkmenistan"]
[BlackTeam "Austria"]
[WhiteTeamCountry "TKM"]
[BlackTeamCountry "AUT"]
[TimeControl "40/5400+30:1800+30"]

1. e4 e5 2. Nf3 Nc6 3. Bb5 a6 4. Ba4 Nf6 5. O-O Be7 6. Re1 b5 7. Bb3 O-O 8. h3 Bb7 9. d3 Na5 {9...d5 is the modern continuation. C88: Closed Ruy Lopez: Anti-Marshall Systems.} 10. Nbd2 d6 11. Nf1 Re8 12. Bd2 Nxb3 13. axb3 h6 $146 ({Predecessor:} 13... Nd7 14. Ng3 g6 15. Bh6 Bf6 16. Qd2 c6 17. b4 Qe7 18. b3 Qd8 19. Nh2 Bg7 20. Ng4 {1-0 Hofmann,A (1745)-Oehrlein,S (1641) Unterfranken-ch M2 56th 2005 (6)}) 14. Ng3 Bf8 15. c4 g6 16. Qc1 Kh7 17. b4 Bg7 18. b3 Nd7 19. Nh2 Nf8 20. f4 (20. Qc2 $11 {keeps the balance.}) 20... exf4 $17 21. Bxf4 Ne6 22. Be3 Nd4 23. Qd1 (23. Ra2 $15 {deserves consideration.}) 23... f5 $17 24. Ra2 Be5 (24... fxe4 $17 25. dxe4 Nc6) 25. Ne2 Nc6 26. Qd2 Bg7 (26... fxe4 $15 27. dxe4 Bg7) 27. Rf1 (27. exf5 $11 gxf5 28. Nf1) 27... fxe4 $15 28. d4 Qe7 29. Nf4 Rf8 30. Raa1 Rae8 31. Rac1 Nd8 (31... bxc4 {is more complex.} 32. bxc4 Nxd4 33. Bxd4 e3) 32. d5 Bc8 (32... Rf7 $17) 33. Qc2 (33. cxb5 $11 axb5 34. Rc2) 33... Rf7 (33... Bd7 {looks sharper.} 34. Rf2 Nf7 35. cxb5 axb5 36. Nf3 exf3 37. Nxg6 Qxe3 38. Nxf8+ Kg8) 34. Ne2 Ref8 (34... bxc4 $17 35. bxc4 h5) 35. Rxf7 Rxf7 36. Rf1 Bd7 37. Qa2 bxc4 38. bxc4 Bc8 39. Qc2 Be5 40. Qc1 Rxf1+ 41. Nxf1 Nf7 42. Nd4 Bg7 43. Qc2 Qh4 44. Bf2 Qe7 45. Be3 Qh4 46. Bf2 Qe7 47. Be3 Qh4 1/2-1/2

[Event "45th FIDE Olympiad 2024"]
[Site "Budapest"]
[Date "2024.09.14"]
[Round "4.89"]
[White "Christopher, Art"]
[Black "Bodin-Hullin, Thomas"]
[Result "0-1"]
[ECO "D85"]
[WhiteElo "1779"]
[BlackElo "1855"]
[PlyCount "56"]
[EventDate "2024.09.05"]
[EventType "team-tourn"]
[EventCountry "HUN"]
[WhiteTeam "British Virgin Islands"]
[BlackTeam "Senegal"]
[WhiteTeamCountry "IVB"]
[BlackTeamCountry "SEN"]
[TimeControl "40/5400+30:1800+30"]

1. d4 Nf6 2. c4 g6 3. Nc3 d5 4. cxd5 Nxd5 5. e4 Nxc3 6. bxc3 Bg7 7. f4 O-O 8. Nf3 c5 9. Bc4 Nc6 10. Be3 Bg4 11. e5 cxd4 12. cxd4 Bxf3 13. gxf3 e6 14. Ke2 Ne7 15. Qb3 Rb8 16. a4 a6 17. Rhd1 b5 18. axb5 axb5 19. Bd3 Nd5 20. Be4 Nxe3 21. Kxe3 Qh4 22. Rg1 h5 23. Bxg6 fxg6 24. Qxe6+ Kh8 25. Qxg6 Qxf4+ 26. Ke2 Qxf3+ 27. Ke1 Qf2+ 28. Kd1 Qxd4+ {0-} 0-1

[Event "45th FIDE Olympiad 2024"]
[Site "Budapest"]
[Date "2024.09.14"]
[Round "4.90"]
[White "Ragger, Markus"]
[Black "Annaberdiyev, Meylis"]
[Result "1/2-1/2"]
[ECO "D35"]
[WhiteElo "2601"]
[BlackElo "2431"]
[Annotator "TA"]
[PlyCount "207"]
[EventDate "2024.09.05"]
[EventType "team-tourn"]
[EventCountry "HUN"]
[SourceTitle "playchess.com"]
[Source "ChessBase"]
[SourceQuality "1"]
[WhiteTeam "Austria"]
[BlackTeam "Turkmenistan"]
[WhiteTeamCountry "AUT"]
[BlackTeamCountry "TKM"]
[TimeControl "40/5400+30:1800+30"]

1. d4 Nf6 2. c4 e6 3. Nc3 d5 4. cxd5 exd5 5. Bg5 c6 6. e3 Bd6 7. Bd3 O-O 8. Nge2 Re8 9. Qc2 {[%cal Od3h7] Threatening Bxh7+!} h6 10. Bh4 {White has an edge.} a5 11. h3 Na6 12. a3 {Prevents Nb4.} Nc7 13. O-O Ne6 14. Rad1 Ng5 15. f4 Ne6 16. Ng3 Nf8 17. e4 $36 {[%mdl 2048] White is more active.} dxe4 18. Ngxe4 Be7 19. Bxf6 Bxf6 20. Nxf6+ Qxf6 21. d5 Bd7 22. Ne4 Qh4 (22... Qd4+ $11 23. Rf2 Qa7 (23... cxd5 24. Nd6 $16)) 23. Nd6 $16 Re3 {[#]} (23... cxd5 $16 24. Nxe8 Bxe8) 24. dxc6 $1 $18 (24. Nxb7 cxd5 25. f5 Nh7 $17) 24... bxc6 25. Bf5 {Black must now prevent Bxd7.} Re7 26. Bxd7 (26. Qc3 {seems wilder.} Rb8 27. Rf2 Nh7 28. Qxa5 Nf6 29. Qa7) 26... Rxd7 27. Qxc6 {White is more active.} Rb8 28. Nf5 Qd8 29. Rxd7 Qxd7 30. Qxd7 Nxd7 $16 {[%cal Bf8d7,Bd7c5,Bc5e6,Be6f4,Bf4d3][%mdl 4128] Endgame. KRN-KRN} 31. Rd1 Nc5 32. Ne7+ Kh7 33. Rd5 Ne6 34. f5 Nf4 35. Rd2 Rb5 36. Kf2 Rb3 37. Nc6 Nd3+ 38. Ke2 Nxb2 39. Nd4 Rb7 40. Rc2 Re7+ 41. Kd2 Rd7 42. Kc3 $1 Na4+ 43. Kd3 Nb6 44. Rc5 {The position is equal.} a4 45. Ra5 h5 46. g4 $1 hxg4 47. hxg4 g5 48. fxg6+ Kxg6 49. Ke4 Re7+ 50. Kf4 Rd7 51. Nf5 Rd3 52. Ra6 Rb3 53. Nd4 Rb1 54. Nf3 Kg7 55. Nd4 Kg6 56. Ra5 Rf1+ 57. Kg3 Rd1 58. Nf3 Rd3 59. Ra6 Rb3 60. Kf4 Kg7 61. Nd4 Rb1 62. Kg5 f6+ 63. Kf4 Rf1+ 64. Kg3 Rg1+ 65. Kf2 Rb1 66. Ra7+ Kg6 67. Kg3 {[#] Threatens to win with Nf5.} Rg1+ 68. Kf3 {Nf5 is the strong threat.} Rf1+ 69. Kg3 {aiming for Nf5.} Rg1+ 70. Kh3 Rh1+ 71. Kg3 Rg1+ 72. Kf4 {Nf5 would now be deadly.} Rf1+ 73. Nf3 Rh1 74. Kg3 {Strongly threatening Nh4+.} Rh7 75. Nh4+ Kh6 76. Nf5+ Kg6 77. Nh4+ Kh6 78. Nf5+ Kg6 79. Ra6 Rb7 80. Kh4 Rh7+ 81. Kg3 Rb7 82. Ra5 Rc7 83. Ra6 Rb7 84. Nd6 Rb8 85. Ne4 Nd5 86. Rxa4 Rb3+ 87. Kf2 Nc3 88. Nxc3 Rxc3 $11 {KR-KR} 89. Ra5 Rb3 90. Kg2 Rc3 91. Kh2 Rb3 92. Kg2 Rc3 93. Kf2 Rb3 94. a4 Ra3 95. Ke2 Rg3 96. Ra8 Kg7 97. a5 Rxg4 98. a6 Ra4 99. Kd3 f5 100. Ke3 Kh7 101. Kf3 Kg7 102. a7 Kh7 103. Rf8 Rxa7 104. Rxf5 {Black escapes into a draw.   Weighted Error Value: White=0.05 (flawless) /Black=0.08 (flawless) .  Mistake:       	---       	Black=2      Inaccurate:     	White=2     	Black=2      OK:         	White=28    	Black=52     Best:        	White=3     	Black=14     Strong:       	White=3     	---} 1/2-1/2

[Event "45th FIDE Olympiad 2024"]
[Site "Budapest"]
[Date "2024.09.14"]
[Round "4.90"]
[White "Lesbros, Bernard"]
[Black "Potter, Simon"]
[Result "1-0"]
[ECO "A53"]
[WhiteElo "1938"]
[BlackElo "1663"]
[PlyCount "45"]
[EventDate "2024.09.05"]
[EventType "team-tourn"]
[EventCountry "HUN"]
[BlackTeam "British Virgin Islands"]
[BlackTeamCountry "IVB"]
[TimeControl "40/5400+30:1800+30"]

1. Nf3 Nf6 2. c4 d6 3. d4 Bg4 4. Qb3 b6 5. g3 Bxf3 6. Qxf3 d5 7. Nc3 c6 8. Bg5 h6 9. Bxf6 gxf6 10. cxd5 Qd6 11. dxc6 Nxc6 12. e3 Rc8 13. Bb5 Kd8 14. O-O Bg7 15. Rac1 e6 16. Ba6 Rb8 17. Nb5 Qd5 18. Qxd5+ exd5 19. Rxc6 Ra8 20. Rfc1 Ke7 21. Rc7+ Kd8 22. Nd6 Rf8 23. Bb5 1-0

[Event "45th FIDE Olympiad 2024"]
[Site "Budapest"]
[Date "2024.09.14"]
[Round "4.91"]
[White "Hommadov, Amanmuhammet"]
[Black "Horvath, Dominik"]
[Result "1/2-1/2"]
[ECO "C60"]
[WhiteElo "2181"]
[BlackElo "2559"]
[Annotator "TA"]
[PlyCount "83"]
[EventDate "2024.09.05"]
[EventType "team-tourn"]
[EventCountry "HUN"]
[SourceTitle "playchess.com"]
[Source "ChessBase"]
[SourceQuality "1"]
[WhiteTeam "Turkmenistan"]
[BlackTeam "Austria"]
[WhiteTeamCountry "TKM"]
[BlackTeamCountry "AUT"]
[TimeControl "40/5400+30:1800+30"]

1. e4 e5 2. Nf3 Nc6 3. Bb5 a6 4. Ba4 Nge7 5. O-O Ng6 6. c3 d5 7. exd5 Qxd5 {The position is equal.} 8. d4 Bg4 9. Bb3 Bxf3 10. Bxd5 Bxd1 11. Rxd1 O-O-O 12. Bxf7 exd4 13. cxd4 Nxd4 14. Nc3 {[%cal Bb1c3,Bc3d1,Bd1e3][%mdl 32] [#]} Ne2+ $1 {A dynamic duo of knights.} 15. Kf1 Rxd1+ 16. Nxd1 Nxc1 17. Rxc1 Bd6 18. g3 Ne5 19. Be6+ Kb8 20. Ne3 Re8 21. Bd5 Nd3 22. Rc3 Nb4 {[%cal Oe8e3] Threatens to win with ...Rxe3!} (22... Nxb2 $2 {perishes.} 23. Rb3 Be5 24. Rxb7+ Kc8 25. Ra7 $18) 23. Bb3 Be5 24. Rc4 Nd3 25. Bc2 $1 Rd8 (25... Nxb2 $2 {is the wrong capture.} 26. Re4 $18) 26. Bxd3 Rxd3 $11 {[%mdl 4096] Endgame. KRB-KRN} 27. Ke2 Rd7 28. b3 b5 29. Rc5 Bd4 30. Rd5 Rxd5 31. Nxd5 {KB-KN} Kb7 32. f4 Kc6 33. Nb4+ Kd6 34. Nxa6 c5 {Prevents Nb4.} 35. a4 bxa4 36. bxa4 Kc6 37. Kd3 Bg1 (37... Kb6 $5 38. Nb8 $8 Kc7 39. Na6+ Kb6 $11 (39... Kb7 40. Nb4 $14)) 38. Kc4 Bxh2 (38... Kb6 $5 39. Nb8 $8 Bxh2 $11) 39. Nxc5 {[#] Ne4 would now be deadly.} Bxg3 40. Ne6 h5 {Strongly threatening ...h4.} 41. Nxg7 Bxf4 42. Nxh5 {A balanced but interesting game.   Weighted Error Value: White=0.03 (flawless) /Black=0.02 (flawless) .  Inaccurate:     	White=2     	Black=1      OK:         	White=19    	Black=25     Best:        	White=1     	Black=2      Strong:       	White=1     	---} 1/2-1/2